 Dungeon Crawl Stone Soup version 0.16-a0-3210-ge5ae1c3 (webtiles) character file.

0 Ololoev the Skirmisher (level 1, -2/18 HPs)
             Began as a Merfolk Abyssal Knight on Dec 19, 2014.
             Was a Follower of Lugonu.
             Slain by a white imp (3 damage)
             ... on level 1 of the Abyss.
             The game lasted 00:00:15 (81 turns).

Ololoev the Skirmisher (Merfolk Abyssal Knight)       Turns: 81, Time: 00:00:15

Health: -2/18      AC:  3    Str: 12    XL:     1   Next: 0%
Magic:  1/1        EV: 12    Int: 11    God:    Lugonu [*.....]
Gold:   10         SH:  0    Dex: 13    Spells: 0 memorised, 0 levels left

rFire  . . .     SeeInvis .     a - +1 spear
rCold  . . .     Clarity  .     b - +0 leather armour
rNeg   . . .     SustAb   .     (no shield)
rPois  .         Gourm    .     (no helmet)
rElec  .         Spirit   .     (no cloak)
rCorr  .         Warding  .     (no gloves)
rMut   .         Stasis   .     (no boots)
MR     .....                    (no amulet)
Stlth  +.........               (no ring)
                                (no ring)

@: not resistant to hostile enchantments, very unstealthy
A: change form in water, swift swim
a: Depart the Abyss, Renounce Religion


You were on level 1 of the Abyss.
You worshipped Lugonu.
Lugonu was aware of your devotion.
You were not hungry.

You visited 0 branches of the dungeon, and saw 0 of its levels.
You visited the Abyss 1 time.

You collected 10 gold pieces.

Notes
Turn   | Place    | Note
--------------------------------------------------------------
     0 | Abyss:1  | Ololoev, the Merfolk Abyssal Knight, began the quest for the Orb.
     0 | Abyss:1  | Reached XP level 1. HP: 18/18 MP: 1/1
    54 | Abyss:1  | Noticed a tentacled starspawn
    81 | Abyss:1  | Slain by a white imp

Inventory:

Hand weapons
 a - a +1 spear (weapon)
Armour
 b - a +0 leather armour (worn)
Comestibles
 c - a bread ration

Table legend:
 A = Turns spent in this place as a percentage of turns spent in the entire game.
 B = Non-inter-level travel turns spent in this place as a percentage of non-inter-level travel turns spent in the entire game.
 C = Inter-level travel turns spent in this place as a percentage of turns spent in this place.
 D = Turns resting spent in this place as a percentage of non-inter-level travel turns spent in this place.
 E = Turns spent auto-exploring this place as a percentage of non-inter-level travel turns spent in this place.
 F = Non-inter-level travel turns spent in this place divided by the number of levels of this place that you've seen.
                   A       B       C       D       E      F
               +-------+-------+-------+-------+-------+----------------------
         Total | 100.0 | 100.0 |   0.0 |   0.0 |   6.9 |  29.0
         Abyss | 100.0 | 100.0 |   0.0 |   0.0 |   6.9 |  29.0
               +-------+-------+-------+-------+-------+----------------------


   Skills:
 + Level 3.2 Fighting
 + Level 3.0 Polearms
 + Level 0.6 Armour
 + Level 2.6 Dodging
 + Level 2.0 Invocations


You couldn't memorise any spells.
You didn't know any spells.

Dungeon Overview and Level Annotations

Branches:
Dungeon (0/15)

Altars:


Message History

You barely miss the white imp.
The white imp hits you but does no damage.
You hit the white imp but do no damage. The white imp gestures at you.
The puff of frost hits you!
Ouch! That really hurt!
Unknown command.
You hit the white imp.
The white imp is moderately wounded.
The white imp barely misses you.
You barely miss the white imp.
The white imp is moderately wounded.
The white imp closely misses you.
You hit the white imp but do no damage.
The white imp is moderately wounded.
The white imp closely misses you.
You hit the white imp but do no damage.
The white imp is moderately wounded.
A tentacle flies out from the starspawn's body!
The white imp barely misses you.
Your leather armour prevents you from hitting the white imp.
The white imp is moderately wounded.
The white imp misses you.
You hit the white imp.
The white imp is heavily wounded.
The white imp closely misses you.
You hit the white imp but do no damage.
The white imp is heavily wounded.
Tentacles burst from the starspawn's body!
The white imp gestures at you. The puff of frost hits you!
You hit the white imp.
The white imp is severely wounded.
The white imp barely misses you.
You hit the white imp but do no damage.
The white imp is severely wounded.
The starspawn tentacle grabs you. The starspawn tentacle constricts you.
The starspawn tentacle loses its grip on you.
The white imp hits you.
You die...

# . ##.##. . # . ..
#.. #...##### .# .
#..# .#.##...## #..#
.###.#.#...#.#
##...##.....#.#..# ###
.. .# #.#..# .#
#....#... #...#
##.##...###.#ww.###..#
##.#. ##. #..X@5....#
. . .. ###...#....#.#
. # .# ##....##.# . .#
##...# .. ## ##..# ...
###. . ## #


You could see a tentacled starspawn, 2 starspawn tentacles and a white imp.

Vanquished Creatures (others)
  4 starspawn tentacles (Abyss:1)
  6 starspawn tentacle segments (Abyss:1)
10 creatures vanquished.

Action                   || total
-------------------------++-------
Melee: Spear             ||    11

Vault maps used:
